 Dungeon Crawl Stone Soup version 0.31-a0-232-gb1c03b2570 (webtiles) character file.

Game seed: 13734276654252422652

63 qw the Shooter (level 4, -5/26 HPs)
             Began as a Gargoyle Hexslinger on July 6, 2023.
             Slain by a river rat (6 damage)
             ... on level 3 of the Dungeon.
             The game lasted 00:00:39 (1196 turns).

qw the Shooter (Gargoyle Hexslinger)                Turns: 1196, Time: 00:00:39

Health: -5/26      AC:  5    Str: 11    XL:     4   Next: 9%
Magic:  5/5        EV: 12    Int: 14    God:
Gold:   123        SH:  0    Dex: 14    Spells: 4/5 levels left

rFire   . . .        Y - +1 sling
rCold   . . .        (no shield)
rNeg    + . .        c - +0 robe
rPois   inf          (no helmet)
rElec   +            (no cloak)
rCorr   .            (no gloves)
SInv    .            (no boots)
Will    +....        (no amulet)
Stlth   +            g - ring of willpower
HPRegen 0.24/turn    (no ring)
MPRegen 0.09/turn

%: no passive effects
@: no status effects
A: sickness immunity, AC +3, negative energy resistance 1, electricity
resistance, torment resistance 1, petrification resistance
a: no special abilities


You were on level 3 of the Dungeon.
You visited 1 branch of the dungeon, and saw 3 of its levels.

You collected 123 gold pieces.


Innate Abilities, Weirdness & Mutations

You are immune to sickness and miasma.
Your stone body is resilient. (AC +3)
You are immune to poison.
You resist negative energy. (rN+)
You are resistant to electric shocks. (rElec)
You are resistant to unholy torment.
You are immune to petrification.


   Skills:
 - Level 2.1 Fighting
 + Level 3.9 Ranged Weapons
 - Level 1.5 Dodging
 - Level 1.0 Spellcasting
 - Level 2.6 Hexes


You had 4 spell levels left.
You knew the following spells:

 Your Spells              Type           Power      Damage    Failure   Level
a - Slow                  Hex            32%        N/A       9%          1

Your spell library contained the following spells:

 Spells                   Type           Power      Damage    Failure   Level
 Inner Flame              Hex/Fire       4%         N/A       41%         3
 Portal Projectile        Hex/Tloc       8%         N/A       41%         3
 Cause Fear               Hex            4%         N/A       65%         4

Inventory:

Hand Weapons
 Y - a +1 sling (weapon)
Armour
 b - a +0 leather armour
 c - a +0 robe (worn)
Jewellery
 g - a ring of willpower (left hand)
Scrolls
 a - 2 scrolls of identify
Potions
 i - a potion of curing

Dungeon Overview and Level Annotations

Branches:
Dungeon (3/15)

Altars:

Portals:
Sewer: D:3


Message History

The ball python is moderately wounded.
The river rat barely misses you.
The river rat bites you but does no damage.
1188 ||| Stepping ~*~*~tactically~*~*~ (outnumbered).
The river rat attacks as you move away! The river rat bites you.
The river rat attacks as you move away! The river rat barely misses you.
Enter note: You shoot a sling bullet.
The sling bullet barely misses the river rat.
The river rat bites you.
You shoot a sling bullet. The sling bullet hits the river rat.
The river rat is lightly wounded.
The river rat barely misses you.
You shoot a sling bullet.
The sling bullet closely misses the river rat.
The river rat closely misses you.
The river rat bites you but does no damage.
You shoot a sling bullet. The sling bullet hits the river rat.
The river rat is heavily wounded.
The river rat bites you. The river rat closely misses you.
The ball python bites you but does no damage.
The ball python grabs you. The ball python constricts you.
You shoot a sling bullet. The sling bullet hits the ball python.
The ball python is severely wounded.
The river rat bites you. x2; The ball python barely misses you.
The ball python constricts you. The river rat bites you.
The river rat closely misses you.
You shoot a sling bullet.
The sling bullet closely misses the ball python.
The ball python bites you but does no damage.
The ball python constricts you. The river rat bites you. x2
The ball python misses you. The ball python constricts you.
You shoot a sling bullet. The sling bullet hits the ball python.
You kill the ball python!
The river rat bites you but does no damage.
The river rat completely misses you.
You shoot a sling bullet.
The sling bullet barely misses the river rat.
The ball python barely misses you. x2; The river rat bites you.
You die...

##.. #..###### #..#~~~~#
####### #..#~~~~#
#.......# #..#r\~~#
#.......# #..#r~~~#
#.......# #..#SS~~#
#.......# #.@#'####.#
#.......# #Srr......#
#.......#######........##
#..)..)........'.......+
##.....########.......#
#>........# #.......#
#.#######.# ######### #
##.###### #.......#


You could see 2 river rats and a ball python.

Vanquished Creatures
  An adder (D:2)
  A worm (D:2)
  2 dart slugs
  An orc (D:3)
  6 ball pythons
  4 bats
  An endoplasm (D:2)
  3 giant cockroaches
  2 goblins
  8 hobgoblins
  3 quokkas (D:1)
  4 frilled lizards
  5 kobolds
  A rat (D:1)
42 creatures vanquished.

Notes
Turn   | Place    | Note
-------+----------+-------------------------------------------
     0 | D:1      | qw the Gargoyle Hexslinger began the quest for the Orb.
     0 | D:1      | Reached XP level 1. HP: 12/12 MP: 2/2
     0 | D:1      | 0 ||| qw: Version: 0.3-a-46-gb1f654a
     0 | D:1      | 0 ||| qw: Game counter: 1936
     0 | D:1      | 0 ||| qw: Melee chars always use a shield: true
     0 | D:1      | 0 ||| qw: God list: Okawaru
     0 | D:1      | 0 ||| qw: Allow faded altars: false
     0 | D:1      | 0 ||| qw: Do Orc after clearing Dungeon:15 true
     0 | D:1      | 0 ||| qw: Do second Lair branch before Depths: true
     0 | D:1      | 0 ||| qw: Lair rune preference: random
     0 | D:1      | 0 ||| qw: Goals: Normal
     0 | D:1      | 0 ||| PLANNING D:1-11
   109 | D:1      | 109 ||| FLEEEEING.
   111 | D:1      | 111 ||| FLEEEEING.
   113 | D:1      | 113 ||| FLEEEEING.
   114 | D:1      | 114 ||| FLEEEEING.
   115 | D:1      | 115 ||| FLEEEEING.
   124 | D:1      | Reached XP level 2. HP: 15/16 MP: 3/3
   207 | D:1      | Reached skill level 3 in Ranged Weapons
   473 | D:1      | 473 ||| READING 3 scrolls labelled YTHRE QANOWK.
   474 | D:1      | 474 ||| READING 2 scrolls of identify.
   474 | D:1      | 474 ||| IDENTIFYING blue potion
   475 | D:1      | 475 ||| DROPPING scroll of poison.
   476 | D:1      | 476 ||| DROPPING potion of attraction.
   534 | D:2      | Reached XP level 3. HP: 17/21 MP: 4/4
   919 | D:2      | Reached XP level 4. HP: 26/26 MP: 5/5
  1071 | D:2      | 1071 ||| DROPPING ring of magical power.
  1072 | D:2      | 1072 ||| UPGRADING to ring of willpower.
  1073 | D:2      | 1073 ||| READING 4 scrolls labelled WAUMA KYROPIM.
  1074 | D:2      | 1074 ||| READING scroll labelled KITTOA UWNAM.
  1075 | D:2      | 1075 ||| READING scroll labelled OCHUNU KIOHATE.
  1076 | D:2      | 1076 ||| READING scroll labelled XYPLO ZISUNE.
  1077 | D:2      | 1077 ||| READING scroll labelled IMOPNU FIACSOA.
  1078 | D:2      | 1078 ||| READING 3 scrolls of identify.
  1078 | D:2      | 1078 ||| IDENTIFYING black potion
  1079 | D:2      | 1079 ||| DROPPING 3 scrolls of noise.
  1102 | D:3      | 1102 ||| PLANNING SEWER
  1186 | D:3      | Found a glowing drain.
  1188 | D:3      | 1188 ||| Stepping ~*~*~tactically~*~*~ (outnumbered).
  1194 | D:3      | HP: 5/26 [river rat (3)]
  1194 | D:3      | HP: 1/26 [river rat (4)]
  1196 | D:3      | Slain by a river rat

Levels and vault maps discovered:
D:1:      psy_arrival_whirlpool, layout_basic
D:2:      minmay_spotlight, layout_basic
D:3:      minmay_roachtagon, layout_basic, nicolae_tso_besieged_by_evil,
          ebering_ghost_sewer_f, portal_sewer_entry_c

Skill      XL: |  1  2 |
---------------+-------+-----
Ranged Weapons | 3 |  3.9
Fighting       | 2 |  2.1
Dodging        | |  1.5
Spellcasting   | |  1.0
Hexes          | |  2.6

Action                     |  1- 3 |  4- 6 || total
---------------------------+-------+-------++-------
   Fire: Sling             |   122 |    22 ||   144
    Use: Scroll            |     2 |     6 ||     8
 Armour: Robe              |    16 |     8 ||    24
  Dodge: Dodged            |    35 |    14 ||    49

Table legend:
 A = Non-vault XP
 B = Vault XP
 C = Vault XP percentage of total XP
 D = Non-vault monster count
 E = Vault monster count
 F = Vault count percentage of total count
                 A         B        C        D         E       F
            +---------+---------+-------+---------+---------+-------
      Total |      77 |      13 |  14.4 |      35 |       7 |  16.7
            +---------+---------+-------+---------+---------+-------
        D:1 |      32 |       0 |   0.0 |      19 |       0 |   0.0
        D:2 |      42 |      11 |  20.8 |      15 |       6 |  28.6
        D:3 |       3 |       2 |  40.0 |       1 |       1 |  50.0
            +---------+---------+-------+---------+---------+-------
